 Dungeon Crawl Stone Soup version 0.24.0-125-gc4c63601f3 (webtiles) character file.

Game seed: 11231054150403151602, levelgen mode: deterministic

3542 Davosk the Fighter (level 9, 0/86 HPs)
             Began as a Minotaur Berserker on Mar 11, 2020.
             Was an Elder of Trog.
             Slain by an orc warrior
             ... wielding a +0 scimitar
              (8 damage)
             ... on level 8 of the Dungeon on Mar 13, 2020.
             The game lasted 00:27:16 (5920 turns).

Davosk the Fighter (Minotaur Berserker)             Turns: 5920, Time: 00:27:16

Health: 0/86       AC: 18    Str: 23 (24) XL:     9   Next: 82%
Magic:  8/8        EV:  6    Int:  3 (4)  God:    Trog [****..]
Gold:   428        SH:  7    Dex:  8 (11) Spells: 8/8 levels left

rFire    . . .     SeeInvis .   a - +1 war axe
rCold    . . .     Gourm    .   p - +0 shield
rNeg     . . .     Faith    .   F - +0 plate armour
rPois    .         Spirit   .   (helmet restricted)
rElec    .         Reflect  .   x - +0 cloak
rCorr    .         Harm     .   (no gloves)
MR       +....                  T - +2 pair of boots
Stlth    ..........             (no amulet)
HPRegen  1.24/turn              J - ring of flight
MPRegen  0.11/turn              o - ring of stealth

@: vulnerable, berserk cooldown, regenerating, slowed, very slow
A: retaliatory headbutt, horns 2
a: Berserk, Trog's Hand, Brothers in Arms, Renounce Religion, Evoke Flight


You were on level 8 of the Dungeon.
You worshipped Trog.
Trog was greatly pleased with you.
You were very hungry.

You visited 1 branch of the dungeon, and saw 8 of its levels.

You collected 428 gold pieces.

Inventory:

Hand Weapons
 a - a +1 war axe (weapon)
 b - a +0 hunting sling
 l - a +0 short sword
 q - a +0 spear
 H - a +0 hand axe
 K - a +3 shortbow
 L - a +0 mace of protection
 M - a +1 mace of protection
 O - a +2 great sword of flaming
 Q - a +2 spear of venom
 S - a -3 hunting sling
Missiles
 c - 246 stones (quivered)
 k - 46 sling bullets
Armour
 d - a +0 pair of boots
 h - a +0 leather armour
 i - a +0 pair of boots
 j - a +0 ring mail
 n - a +0 animal skin
 p - a +0 shield (worn)
 x - a +0 cloak (worn)
 y - a +0 buckler
 F - a +0 plate armour (worn)
 T - a +2 pair of boots (worn)
Magical Staves
 C - an uncursed staff of summoning
Jewellery
 o - a ring of stealth (right hand)
 G - an uncursed ring of protection from fire
 J - a ring of flight (left hand)
Wands
 D - a wand of acid (10)
 N - a wand of random effects (20)
Scrolls
 r - 4 scrolls of identify
 z - a scroll of remove curse
 B - a scroll of enchant weapon
Potions
 f - a potion of curing
 g - a potion of agility {unknown}
 s - a potion of lignification {unknown}
 t - a potion of degeneration
 v - a potion of haste
 w - 2 potions of flight
 A - a potion of magic {unknown}
 E - a potion of invisibility {unknown}
 I - a potion of resistance {unknown}
 R - 2 potions of heal wounds {unknown}
Comestibles
 e - 13 rations


   Skills:
 * Level 10.4 Fighting
 * Level 10.3 Axes
 + Level 7.3 Armour
 + Level 6.5 Dodging


You had 8 spell levels left.
You didn't know any spells.
Your spell library was empty.

Dungeon Overview and Level Annotations

Branches:
Dungeon (8/15)             Temple (0/1) D:4
   Lair: D:8-11

Altars:
Ashenzari
Dithmenos
Makhleb
Qazlal
Uskayaw
Wu Jian

Annotations:
D:6 Grinder


Innate Abilities, Weirdness & Mutations

You reflexively headbutt those who attack you in melee.
You have a pair of horns on your head.


Message History

Beogh smites you!
* * * LOW HITPOINT WARNING * * *
The orc warrior hits you but does no damage.
It was a potion of curing.
You feel better.
The orc warrior hits you with a +0 scimitar.
* * * LOW HITPOINT WARNING * * *
It was a potion of degeneration.
There was something very wrong with that liquid.
You feel weakened.
You feel dopey.
You feel clumsy.
The orc warrior hits you with a +0 scimitar.
* * * LOW HITPOINT WARNING * * *
The orc priest calls down the wrath of Beogh upon you.
Beogh smites you!
* * * LOW HITPOINT WARNING * * *
Okay, then.
As you read the scroll labeled PAELAE JOAXTUT, it crumbles to dust.
You hear a loud clanging noise!
It was a scroll of noise.
The orc warrior hits you with a +0 scimitar!
You die...

########
#......#
#####......#
#)!........#
#@###......#
#o# ###...)####
#oooo.#.......#
#oooo.##...##.#
#ooo..#...###[#
#oo...###.# #.#
#$....# #.# #.#
#######
#.###.#### #
#.#.......


You could see 2 orc warriors, an orc priest and 8 orcs.

Vanquished Creatures
  A two-headed ogre (D:8)
  Pikel (D:6)
  A spriggan (D:7)
  A warg (D:8)
  A sky beast (D:6)
  A phantom (D:7)
  An ice beast (D:5)
  3 orc warriors (D:8)
  A centaur (D:7)
  4 ogres
  A big kobold (D:7)
  A bullfrog (D:8)
  A jelly (D:5)
  A water moccasin zombie (D:5)
  A howler monkey (D:7)
  A bullfrog zombie (D:6)
  5 crimson imps
  A quasit (D:7)
  4 hounds
  An orc priest (D:5)
  Crazy Yiuf (D:6)
  A centaur skeleton (D:4)
  An iguana (D:6)
  6 orc wizards
  A worker ant (D:5)
  A hound zombie (D:5)
  2 hound skeletons (D:7)
  A howler monkey zombie (D:8)
  12 adders
  2 oozes
  An adder skeleton (D:7)
  4 worms
  3 dart slugs
  5 leopard geckos
  21 orcs
  7 bats
  7 giant cockroaches
  8 goblins
  6 hobgoblins
  7 jackals
  2 quokkas
  3 ball pythons
  4 frilled lizards
  A jackal skeleton (D:4)
  A jackal zombie (D:6)
  10 kobolds
  A leopard gecko skeleton (D:8)
  2 quokka skeletons
  12 rats
165 creatures vanquished.

Vanquished Creatures (others)
  2 slaves (D:6)
  5 centaurs (D:6)
  A howler monkey (D:6)
  A bullfrog skeleton (D:6)
  An adder (D:6)
  2 quokkas (D:6)
12 creatures vanquished.

Grand Total: 177 creatures vanquished

Notes
Turn   | Place    | Note
-------+----------+-------------------------------------------
     0 | D:1      | Davosk the Minotaur Berserker began the quest for the Orb.
     0 | D:1      | Reached XP level 1. HP: 19/19 MP: 0/0
   286 | D:1      | Reached XP level 2. HP: 27/27 MP: 1/1
   778 | D:2      | Reached XP level 3. HP: 33/33 MP: 2/2
   786 | D:2      | Reached ** piety under Trog
  1124 | D:2      | Reached XP level 4. HP: 41/41 MP: 3/3
  1672 | D:3      | Found a shadowy altar of Dithmenos.
  1778 | D:3      | Reached skill level 5 in Fighting
  1778 | D:3      | Reached XP level 5. HP: 35/48 MP: 4/4
  1788 | D:3      | Reached skill level 5 in Axes
  1854 | D:3      | Reached *** piety under Trog
  2127 | D:4      | Found a staircase to the Ecumenical Temple.
  2213 | D:4      | Noticed an ogre
  2223 | D:4      | Killed an ogre
  2223 | D:4      | Reached XP level 6. HP: 40/56 MP: 5/5
  2543 | D:5      | Entered Level 5 of the Dungeon
  2549 | D:5      | Noticed an ice beast
  2562 | D:5      | Killed an ice beast
  2562 | D:5      | Reached XP level 7. HP: 47/63 MP: 6/6
  2943 | D:5      | Found a stormy altar of Qazlal.
  3250 | D:6      | Reached skill level 5 in Armour
  3290 | D:6      | Noticed Grinder
  3326 | D:6      | Reached **** piety under Trog
  3442 | D:6      | Reached XP level 8. HP: 71/73 MP: 7/7
  3707 | D:6      | Noticed Pikel
  3728 | D:6      | Killed Pikel
  3728 | D:6      | Reached skill level 5 in Dodging
  4084 | D:6      | Found a runed translucent door.
  4085 | D:6      | Noticed Crazy Yiuf
  4378 | D:6      | Killed Crazy Yiuf
  4729 | D:7      | Reached XP level 9. HP: 83/83 MP: 8/8
  5023 | D:7      | Found a faded altar of an unknown god.
  5023 | D:7      | Found a shattered altar of Ashenzari.
  5030 | D:7      | Found a faded altar of an unknown god.
  5032 | D:7      | Found an ornate altar of the Wu Jian Council.
  5034 | D:7      | Found a burning altar of Makhleb.
  5601 | D:8      | Found a hide-covered altar of Uskayaw.
  5645 | D:8      | Noticed a two-headed ogre
  5654 | D:8      | Killed a two-headed ogre
  5654 | D:8      | Reached skill level 10 in Fighting
  5654 | D:8      | Reached skill level 10 in Axes
  5920 | D:8      | Slain by an orc warrior

Levels and vault maps discovered:
D:1:      dpeg_arrival_rooms_b, layout_loops_ring
D:2:      layout_rooms, first_ration
D:3:      layout_loops_ring, grunt_dithmenos_smoke
D:4:      layout_rooms, minmay_temple_entry_gardened_gates
D:5:      wad_pebble_path, layout_gridville, kennysheep_mini_moat
D:6:      nicolae_whirlpool, layout_basic, chequers_serial_rivers_micro_d,
          lemuel_another_geyser, uniq_pikel, uniq_crazy_yiuf_cottage,
          uniq_grinder
D:7:      layout_loops_ring, chequers_temple_overflow_minitemple, serial_glass,
          glass_columns_a, glass_columns_b, glass_columns_c, the_bakery
D:8:      layout_basic, eat_drink_and_be_merry_uskayaw, marbit_many_paths,
          erik_lair_orcish_takeover, special_room [special_room_orc]

Skill      XL: |  1  2  3  4  5  6  7  8  9 |
---------------+----------------------------+-----
Axes           | 4 5 6 7 8 10 | 10.3
Fighting       | 4 5 6 7 9 10 | 10.4
Armour         | 3 4 5 6 7 |  7.3
Dodging        | 3 4 5 6 |  6.5

Action                   |  1- 3 |  4- 6 |  7- 9 || total
-------------------------+-------+-------+-------++-------
Melee: Hand axe          |    68 |    95 |    82 ||   245
       Headbutt          |     8 |    20 |    46 ||    74
       War axe           |       |       |   159 ||   159
 Fire: Hunting sling     |    14 |    57 |    20 ||    91
Throw: Stone             |    26 |       |     3 ||    29
Invok: Berserk           |     1 |     2 |     8 ||    11
       Trog's Hand       |       |       |     4 ||     4
  Use: Scroll            |       |       |     8 ||     8
       Potion            |       |       |     2 ||     2
  Eat: Chunk             |     2 |     5 |    16 ||    23
       Ration            |       |       |     1 ||     1
Armor: Ring mail         |    21 |    29 |    22 ||    72
       Leather armour    |     2 |       |       ||     2
       Plate armour      |       |       |   104 ||   104
Dodge: Dodged            |    41 |    35 |    73 ||   149
Block: Shield            |       |    26 |    88 ||   114
